 Dungeon Crawl Stone Soup version 0.31-a0-920-g28cbb04a8c (webtiles) character file.

Game seed: 460481113207978238

10158995 Sergey the Intangible (level 27, 357/357 HPs)
             Began as a Merfolk Shapeshifter on Oct 17, 2023.
             Was a High Priest of Ashenzari.
             Escaped with the Orb
             ... and 10 runes!
             The game lasted 03:12:51 (69164 turns).

Sergey the Intangible (Merfolk Shapeshifter)       Turns: 69164, Time: 03:12:52

Health: 357/357    AC: 43    Str: 15    XL:     27
Magic:  19/34      EV: 44    Int: 19    God:    Ashenzari [*****.]
Gold:   5326       SH: 30    Dex: 24    Spells: 23/48 levels left

rFire   + +          +
                       - Unarmed
rCold   + + .        C - +5 kite shield of Ashenzari's Negation {rF+, Fort, Melee} (curse)
rNeg    + . .        a - melded +2 steam dragon scales of Ashenzari's Repose {Dev, Bglg} (curse)
rPois   ∞            d - +2 helmet "Ensconced Together" {Int+3, Dev, Fort} (curse)
rElec   +            o - scarf "Circumscribed Mistrust" {rC+ rF+, Melee, Fort} (curse)
rCorr   +            z - melded +0 pair of gloves "Eternal Gnosis" {Dev, Elem} (curse)
SInv    +            H - melded +2 pair of boots "Shattered Incredulity" {Elem, Bglg} (curse)
Will    +++..        U - amulet "Bound Omen" {rPois Will+ Regen+ rCorr Int-2, Self, Bglg} (curse)
Stlth   +            n - ring of the Octopus King {rF+ HP+2 AC+2 EV+2 SH+2, Dev, Bglg} (curse)
HPRegen 1.59/turn    f - ring of the Omniscient Loss {Contam rElec rC+ EV+5 Slay+3, Self, Dev} (curse)
MPRegen 0.24/turn

%: clarity
@: statue-form, studying 3 skills, very slow
A: slow and powerful, torment resistance 1, boosted hp, (nimble swimmer 2),
mertail, large bone plates 1, thin skeletal structure 1, agile 1, clever 1,
deterioration 1, low MP 1, robust 1, screaming 1, wild magic 1
0: Orb of Zot
}: 10/15 runes: decaying, serpentine, slimy, silver, abyssal, demonic, glowing,
magical, fiery, dark
a: Begin Untransformation, Renounce Religion, Shatter the Chains


You escaped.
You worshipped Ashenzari.
Ashenzari was extremely pleased with you.
You were a living statue of rough stone.
You visited 11 branches of the dungeon, and saw 53 of its levels.
You visited Pandemonium 1 time, and saw 19 of its levels.
You visited the Abyss 1 time.
You also visited: Gauntlet, Ice Cave, Wizlab and Desolation.

You collected 9278 gold pieces.
You spent 3952 gold pieces at shops.

Inventory:

Hand Weapons
 y - the +5 demon whip "Spellbinder" {antimagic, disrupt, Will+}
   (You found it in a wizard's laboratory)

   Will+:     It increases your willpower.
Missiles
 G - 6 curare-tipped darts
Armour
 a - the cursed +2 steam dragon scales of Ashenzari's Repose (melded) {Dev, Bglg}
   (You took it off Maggie on level 8 of the Dungeon)

   It has a curse which improves the following skills: Devices: Evocations and
   Shapeshifting.
   Beguiling: Conjurations, Hexes and Translocations.
 d - the cursed +2 helmet "Ensconced Together" (worn) {Int+3, Dev, Fort}
   (You found it in a Gauntlet)

   It has a curse which improves the following skills: Devices: Evocations and
   Shapeshifting.
   Fortitude: Armour and Shields.
 o - the cursed scarf "Circumscribed Mistrust" (worn) {rC+ rF+, Melee, Fort}
   (You found it on level 1 of the Depths)

   It has a curse which improves the following skills: Melee Combat: Short
   Blades, Long Blades, Axes, Maces & Flails, Polearms, Staves and Unarmed
   Combat.
   Fortitude: Armour and Shields.
 z - the cursed +0 pair of gloves "Eternal Gnosis" (melded) {Dev, Elem}
   (You found it on level 5 of the Dungeon)

   It has a curse which improves the following skills: Devices: Evocations and
   Shapeshifting.
   Elements:  Fire Magic, Ice Magic, Air Magic and Earth Magic.
 C - the cursed +5 kite shield of Ashenzari's Negation (worn) {rF+, Fort, Melee}
   (You took it off a vault guard on level 3 of the Vaults)

   It has a curse which improves the following skills: Fortitude: Armour and
   Shields.
   Melee Combat: Short Blades, Long Blades, Axes, Maces & Flails, Polearms,
   Staves and Unarmed Combat.
 D - the +0 pair of gloves of Bofaukh {Will+ Dex+3}
   (You found it on level 1 of the Vaults)

   Dex+3:     It affects your dexterity (+3).
   Will+:     It increases your willpower.
 H - the cursed +2 pair of boots "Shattered Incredulity" (melded) {Elem, Bglg}
   (You bought it in a shop on level 1 of the Depths)

   It has a curse which improves the following skills: Elements: Fire Magic, Ice
   Magic, Air Magic and Earth Magic.
   Beguiling: Conjurations, Hexes and Translocations.
 Z - the +2 hat "Zeyff" {rF+ rN+}
   (You found it on level 3 of the Elven Halls)

   rF+:       It protects you from fire.
   rN+:       It protects you from negative energy.
Jewellery
 f - the cursed ring of the Omniscient Loss (right fist) {Contam rElec rC+ EV+5 Slay+3, Self, Dev}
   (You acquired it on level 1 of the Elven Halls)

   [ring of evasion]

   EV+5:      It affects your evasion (+5).
   Slay+3:    It affects your accuracy & damage with ranged weapons and melee
   (+3).
   rC+:       It protects you from cold.
   rElec:     It insulates you from electricity.
   Contam:    It causes magical contamination when unequipped.
   It has a curse which improves the following skills: Introspection: Fighting
   and Spellcasting.
   Devices:   Evocations and Shapeshifting.
 n - a cursed ring of the Octopus King (left fist) {rF+ HP+2 AC+2 EV+2 SH+2, Dev, Bglg}
   (You found it on level 2 of the Depths)

   [ring of protection from fire]

   AC+2:      It affects your AC (+2).
   EV+2:      It affects your evasion (+2).
   rF+:       It protects you from fire.
   HP+2:      It affects your health (+2).
   SH+2:      It affects your SH (+2).
   It has a curse which improves the following skills: Devices: Evocations and
   Shapeshifting.
   Beguiling: Conjurations, Hexes and Translocations.
 F - the ring "Gywor" {Ice +Blink Will+++ Int-3 Stlth+}
   (You found it in the Desolation of Salt)

   [ring of ice]

   Ice:       It enhances your ice magic.
   Int-3:     It affects your intelligence (-3).
   rF-:       It makes you vulnerable to fire.
   rC+:       It protects you from cold.
   Will+++:   It greatly increases your willpower.
   +Blink:    It lets you blink.
   Stlth+:    It makes you more stealthy.
 K - the ring of the Prince {rElec rPois rCorr Str-3}
   (You bought it in a shop on level 2 of the Orcish Mines)

   [ring of resist corrosion]

   Str-3:     It affects your strength (-3).
   rElec:     It insulates you from electricity.
   rPois:     It protects you from poison rCorr: It protects you from acid and
   corrosion.
 U - the cursed amulet "Bound Omen" (around neck) {rPois Will+ Regen+ rCorr Int-2, Self, Bglg}
   (You took it off a vault guard on level 5 of the Vaults)

   [amulet of regeneration]

   Int-2:     It affects your intelligence (-2).
   rPois:     It protects you from poison Will+: It increases your willpower.
   Regen+:    It increases your rate of health regeneration.
   rCorr:     It protects you from acid and corrosion.
   It has a curse which improves the following skills: Introspection: Fighting
   and Spellcasting.
   Beguiling: Conjurations, Hexes and Translocations.
Talismans
 j - a granite talisman (active)
Wands
 c - a wand of light (5)
 i - a wand of iceblast (65)
 A - a wand of mindburst (89)
 L - a wand of polymorph (21)
Scrolls
 h - a scroll of summoning {!r}
 l - 7 scrolls of vulnerability {!r}
 p - 2 scrolls of immolation
 t - a scroll of brand weapon
 u - 4 scrolls of silence {!r}
 v - 4 scrolls of enchant armour
 M - 11 scrolls of teleportation {@r3}
 O - 4 scrolls of poison
 W - 4 scrolls of torment
 Y - 10 scrolls of fear
Potions
 b - 4 potions of cancellation
 g - 6 potions of berserk rage
 k - 4 potions of magic
 q - 3 potions of brilliance
 r - a potion of ambrosia
 s - 6 potions of resistance
 x - 4 potions of lignification
 B - 8 potions of mutation
 J - 5 potions of enlightenment
 N - 14 potions of heal wounds {@q1}
 P - 20 potions of curing {@q2}
 Q - 4 potions of invisibility
Miscellaneous
 e - a phantom mirror
 T - a phial of floods
 V - a condenser vane
 X - a lightning rod (4/4)


   Skills:
 - Level 24.3(27) Fighting
 O Level 27 Dodging
 - Level 2.0 Stealth
 + Level 19.8(23.6) Shields
 - Level 24.3(27) Unarmed Combat
 - Level 8.1(11.3) Spellcasting
 - Level 12.2(15.3) Translocations
 - Level 5.0 Transmutations
 - Level 7.0 Ice Magic
 - Level 4.6 Air Magic
 - Level 4.0 Earth Magic
 - Level 21.2(25.0) Evocations
 - Level 21.2(25.0) Shapeshifting


You had 23 spell levels left.
You knew the following spells:

 Your Spells              Type           Power      Damage    Failure   Level
a - Vhi's Electric Charg  Tloc/Air       100%       N/A       2%          4
c - Frozen Ramparts       Ice            96%        1d15      2%          3
e - Blink                 Tloc           100%       N/A       1%          2
f - Summon Forest         Summ/Tloc      25%        N/A       13%         5
h - Passwall              Tmut/Erth      30%        N/A       3%          2
j - Apportation           Tloc           100%       N/A       1%          1
l - Passage of Golubria   Tloc           74%        N/A       1%          4
p - Manifold Assault      Tloc           74%        N/A       1%          4

Your spell library contained the following spells:

 Spells                   Type           Power      Damage    Failure   Level
 Freeze                   Ice            100%       1d10      1%          1
 Lesser Beckoning         Tloc           100%       N/A       1%          2
 Momentum Strike          Conj/Tloc      100%       3d10      1%          2
 Teleport Other           Tloc           74%        N/A       1%          3
 Ozocubu's Armour         Ice            48%        N/A       2%          3
 Sandblast                Erth           66%        2d15      3%          1
 Wereblood                Tmut           38%        N/A       3%          2
 Dispersal                Tloc           37%        N/A       3%          6
 Sting                    Tmut/Pois      100%       1d8       4%          1
 Ensorcelled Hibernation  Hex/Ice        64%        N/A       4%          2
 Swiftness                Air            36%        N/A       5%          3
 Dimensional Bullseye     Hex/Tloc       26%        N/A       5%          4
 Iskenderun's Mystic Bla  Conj/Tloc      52%        2d11      5%          4
 Poisonous Vapours        Pois/Air       50%        N/A       7%          2
 Static Discharge         Conj/Air       52%        2-5/arc   7%          2
 Hailstorm                Conj/Ice       32%        3d8       8%          3
 Magic Dart               Conj           64%        1d6       10%         1
 Slow                     Hex            64%        N/A       10%         1
 Cigotuvi's Dreadful Rot  Necr/Pois/Air  42%        N/A       10%         2
 Foxfire                  Conj/Fire      60%        2x1d7     11%         1
 Kiss of Death            Conj/Necr      60%        2d10      11%         1
 Necrotise                Necr           52%        1d6       12%         1
 Summon Small Mammal      Summ           52%        N/A       12%         1
 Stone Arrow              Conj/Erth      48%        3d10      13%         3
 Jinxbite                 Hex            32%        N/A       14%         2
 Mephitic Cloud           Conj/Pois/Air  22%        N/A       16%         3
 Airstrike                Air            18%        2d(3-19)  16%         4
 Call Imp                 Summ           26%        N/A       17%         2
 Scorch                   Fire           26%        2d6       17%         2
 Ignite Poison            Fire/Tmut/Pois 22%        N/A       17%         3
 Confusing Touch          Hex            16%        N/A       26%         3
 Dazzling Flash           Conj/Hex       32%        N/A       26%         3
 Tukima's Dance           Hex            16%        N/A       26%         3
 Summon Ice Beast         Ice/Summ       31%        N/A       26%         4
 Inner Flame              Hex/Fire       15%        N/A       28%         3
 Summon Guardian Golem    Hex/Summ       15%        N/A       28%         3
 Call Canine Familiar     Summ           13%        N/A       30%         3
 Summon Lightning Spire   Summ/Air       25%        N/A       36%         4
 Brom's Barrelling Bould  Conj/Erth      24%        2d5       38%         4
 Freezing Cloud           Conj/Ice/Air   16%        6-21      45%         5
 Lee's Rapid Deconstruct  Erth           16%        3d10*     47%         5
 Metabolic Englaciation   Hex/Ice        16%        N/A       50%         5
 Cause Fear               Hex            8%         N/A       61%         4
 Anguish                  Hex/Necr       7%         N/A       65%         4
 Flame Wave               Conj/Fire      15%        2d7       65%         4
 Sticky Flame             Conj/Fire      15%        2d4       65%         4
 Irradiate                Conj/Tmut      13%        3d16      65%         5
 Yara's Violent Unravell  Hex/Tmut       13%        3d7       65%         5
 Animate Dead             Necr           13%        N/A       67%         4
 Dispel Undead            Necr           13%        3d9       67%         4
 Olgreb's Toxic Radiance  Pois           13%        N/A       67%         4
 Alistair's Intoxication  Tmut/Pois      17%        N/A       67%         5
 Arcjolt                  Conj/Air       13%        1d23      67%         5
 Silence                  Hex/Air        13%        N/A       67%         5
 Disjunction              Tloc           37%        N/A       73%         8
 Borgnjor's Vile Clutch   Necr/Erth      11%        N/A       75%         5
 Iskenderun's Battlesphe  Conj           16%        2d7       90%         5
 Fireball                 Conj/Fire      7%         3d5       92%         5
 Summon Mana Viper        Hex/Summ       15%        N/A       92%         5
 Agony                    Necr           13%        N/A       95%         5
 Bombard                  Conj/Erth      12%        9d3       99%         6
 Eringya's Noxious Bog    Tmut/Pois      13%        4d6       99%         6
 Plasma Beam              Fire/Air       12%        2x1d23    99%         6
 Ozocubu's Refrigeration  Ice            24%        4d12      99%         7
 Death Channel            Necr           6%         N/A       100%        6
 Starburst                Conj/Fire      7%         6d4       100%        6
 Summon Cactus Giant      Summ           6%         N/A       100%        6
 Enfeeble                 Hex            8%         N/A       100%        7
 Haunt                    Necr/Summ      6%         N/A       100%        7
 Orb of Destruction       Conj           8%         9d6       100%        7
 Spellforged Servitor     Conj/Summ      7%         N/A       100%        7
 Discord                  Hex            8%         N/A       100%        8
 Ignition                 Fire           6%         3d4       100%        8
 Infestation              Necr           6%         N/A       100%        8
 Lehudib's Crystal Spear  Conj/Erth      12%        10d4      100%        8
 Maxwell's Capacitive Co  Air            18%        ∞         100%        8
 Chain Lightning          Conj/Air       13%        3d17      100%        9
 Dragon's Call            Summ           6%         N/A       100%        9
 Fire Storm               Conj/Fire      7%         8d2       100%        9
 Polar Vortex             Ice            24%        12d3*     100%        9
 Shatter                  Erth           16%        3d16*     100%        9


Dungeon Overview and Level Annotations

Branches:
Dungeon (15/15)            Temple (0/1) D:5            Lair (5/5) D:9
  Swamp (4/4) Lair:2        Snake (4/4) Lair:3        Slime (5/5) Lair:4
    Orc (2/2) D:12            Elf (3/3) Orc:2        Vaults (5/5) D:13
  Crypt (0/3) Vaults:3     Depths (4/4) D:15           Hell (visited)
    Zot (5/5) Depths:4      IceCv (visited)          WizLab (visited)
Desolation (visited)      Gauntlet (visited)
    Dis: Hell:1         Geh: Hell:1         Coc: Hell:1         Tar: Hell:1

Altars:
Ashenzari
Dithmenos
Elyvilon
Fedhas
Gozag
Kikubaaqudgha
Makhleb
Okawaru
Qazlal
Ru
Sif Muna
Trog
Vehumet
Wu Jian
Xom
Yredelemnul
The Shining One
Jiyva

Shops:
D:2 (   D:7 (   D:9 ?   D:10 :   Orc:1 !   Orc:2 *[(=   Elf:3 !   Vaults:2 *
Vaults:5 (   Depths:1 [:

Portals:
Hell: Depths:1 Depths:2 Depths:3 Depths:4
Abyss: Depths:1 Depths:2 Depths:3
Pandemonium: Depths:2
Ziggurat: Depths:4
Trove: D:10 (give 13 potions of heal wounds)

Annotations:
D:7 Lom Lobon
D:14 exclusion: downstairs
Lair:3 exclusion: door
Swamp:1 1 runed translucent door, exclusion: downstairs, Silenth's ghost, adept KoHu
Slime:5 exclusion: shining eye
Orc:2 3 runed translucent doors, exclusion: obsidian statue, noobster's ghost, journeyman HOFi
Elf:2 3 runed translucent doors
Elf:3 Esmu's ghost, adept MiFi
Vaults:4 exclusion: downstairs
Depths:3 2 exclusions, Parghit
Hell Geryon
Zot:3 exclusion: upstairs


Innate Abilities, Weirdness & Mutations

You are a living statue of rough stone.
Your actions are slow, but your melee attacks are powerful.
You are resistant to unholy torment.
Your maximum health is greatly increased.
Your equipment is partially melded.
You are immune to poison.
((You are very nimble when in or above water. (Stealth+, EV+, Speed+++)))
Your lower body shifts to a powerful aquatic tail in water.
You are partially covered in large bone plates. (SH +4)
You have a somewhat thin skeletal structure. (Dex +2, Stealth+)
You are agile. (Dex +4, Str/Int -1)
Your mind is acute. (Int +4, Str/Dex -1)
Your body sometimes deteriorates upon taking damage.
Your magical capacity is low. (-10% MP)
You are robust. (+10% HP)
You occasionally shout uncontrollably at your foes.
Your spells are a little harder to cast, but a little more powerful.


Message History

You closely miss the red devil. You closely miss the red devil.
You block the red devil's attack.
You closely miss the red devil.
The red devil hits you but does no damage.
Space momentarily warps into an impossible shape!
You closely miss the red devil. You pummel the small abomination!!
You block the red devil's attack.
Urhaclot comes into view.
Space momentarily warps into an impossible shape!
You miss Urhaclot.
You pound the red devil into fine dust!!!!
You kill the red devil!
Space momentarily warps into an impossible shape!
You pulverise the small abomination!!!
You destroy the small abomination!
You completely miss Urhaclot. You block the red devil's attack.
Space momentarily warps into an impossible shape!
You closely miss the red devil. You block the red devil's attack.
Space momentarily warps into an impossible shape!
You miss Urhaclot.
You pulverise the red devil!!!
You kill the red devil!
Blink to where?
Press: ? - help, Dir - move target
As you read the scroll of blinking {@r4}, it crumbles to dust.
Urhaclot gestures at you. The bolt of lightning misses you.
Urhaclot gestures at you.
The orb of electricity explodes!
The orb of electricity engulfs you! You resist.
Things that are here:
a stone; a +2 dagger of electrocution
There is an empty arch of ancient stone here.
Blink to where?
Press: ? - help, Dir - move target
As you read the scroll of blinking {@r4}, it crumbles to dust.
Blink to where?
Press: ? - help, Dir - move target
As you read the scroll of blinking {@r4}, it crumbles to dust.
Unknown command.
You have escaped!

.#.## ######.# ♣.♣.#.##. ##.#
#......# ♣.♣.#.##. ...# #.####.#
♣.♣.#.### .### #.# #.# #.#.#.# .#
#.# #.# #.....# ## #.#
#.###########....# #.#
###..♣....♣.##...# #.#
##...........#...#
#.####.8......♣..♣#...###
#>##~.............#>.....
#.##..............#######
#.#♣..............♣###.&# #
##.#♣................#∩#..
##########..##.....♣.....⌠....§.###
.............#..................##
##########...#.♣.................#
##.##..................♣##


There were no monsters in sight!

Vanquished Creatures
  the Royal Jelly (Slime:5)
  Gloorx Vloq (Pan)
  Mnoleg (Pan)
  7 pandemonium lords
  A Head Instructor (WizLab)
  A curse toe (Zot:4)
  Vashnia (Snake:4)
  5 golden dragons
  A profane servitor (Zot:1)
  5 Tzitzimimeh
  9 Brimstone Fiends
  4 Ice Fiends
  2 hellephants (Depths:3)
  Rupert (Lair:5)
  7 liches
  12 tentacled monstrosities
  Jorgrun (Orc:2)
  2 Hell Sentinels
  Mlioglotl (Swamp:1)
  5 Orb Guardians
  4 deep elf blademasters
  A quicksilver dragon (WizLab)
  10 titans
  11 acid blobs
  2 deep elf master archers (Elf:3)
  2 tentacled starspawn (Abyss:3)
  A kraken (Swamp:4)
  4 sphinxes
  6 thorn hunters
  17 Executioners
  10 tengu reavers
  A fenstrider witch (Swamp:3)
  6 shadow dragons
  10 storm dragons
  5 demonspawn warmongers (Pan)
  7 fire giants
  3 draconian knights
  7 rockslimes
  An iron dragon (Vaults:5)
  A daeva (D:4)
  5 frost giants
  8 nagarajas
  8 azure jellies
  10 deep elf sorcerers
  3 imperial myrmidons (Desolation)
  23 vault wardens
  2 deep elf elementalists (Elf:3)
  5 spectral caustic shrikes (Depths:4)
  3 draconian scorchers
  2 curse skulls (Pan)
  24 balrugs
  A draconian stormcaller (Depths:4)
  5 quicksilver oozes
  A ghoul (Swamp:4)
  20 ironbound preservers
  4 demonspawn corrupters (Pan)
  3 spriggan defenders
  3 draconian annihilators
  A draconian shifter (Zot:4)
  Louise (Depths:2)
  13 cacodemons
  24 very ugly things
  2 quicksilver oozes (shapeshifter)
  12 reapers
  A caustic shrike skeleton (Pan)
  3 war gargoyles
  4 formless jellyfish
  3 green draconians
  5 demonspawn blood saints
  22 stone giants
  A demonspawn black sun (Pan)
  8 lorocyprocas
  4 white draconians
  4 eleionomae
  10 ironbound thunderhulks
  9 deep elf demonologists
  6 purple draconians
  6 vampire knights
  5 bunyips
  2 yellow draconians
  A minotaur (Gauntlet)
  13 deep elf annihilators
  A red draconian (Depths:4)
  16 dire elephants
  A halazid warlock (Desolation)
  3 spark wasps (Depths:2)
  6 deep elf death magi
  12 blizzard demons
  10 green deaths
  3 crystal guardians
  3 shambling mangroves
  11 ettins
  A merfolk javelineer (Depths:3)
  3 entropy weavers
  7 fire dragons
  6 ragged hierophants (Desolation)
  6 servants of whispers (Desolation)
  An entropy weaver (shapeshifter) (Vaults:3)
  13 yaktaur captains
  4 deep elf high priests
  7 great orbs of eyes
  10 spriggan air magi
  Erolcha (D:10)
  9 ogre magi
  4 hell beasts
  3 salamander tyrants
  9 peacekeepers
  A caustic shrike simulacrum (IceCv)
  16 hydras
  33 vault guards
  10 ice dragons
  6 anacondas
  17 centaur warriors
  A death knight (Vaults:3)
  A ghost crab (Swamp:3)
  Erica (D:8)
  12 ironbound frosthearts
  A spriggan skeleton (Pan)
  9 rakshasas
  7 alligators
  3 boulder beetles
  14 dancing weapons
  2 satyrs (Abyss:3)
  29 two-headed ogres
  2 deep troll shamans
  19 naga warriors
  12 demonic crawlers
  8 death yaks
  24 large abominations
  8 naga sharpshooters
  2 vampire magi
  9 hell hogs
  4 tengu warriors
  7 deep troll earth magi
  20 hell knights
  3 spriggan berserkers (Depths:2)
  An orc high priest (Elf:2)
  75 sun demons
  5 shock serpents
  A storm dragon zombie (Depths:1)
  14 soul eaters
  13 spriggans
  10 deep elf knights
  4 shadow wraiths (Pan)
  4 skysharks
  A spatial maelstrom (Abyss:3)
  A wretched star (Abyss:3)
  A fire crab (Gauntlet)
  7 skeletal warriors
  A titan skeleton (Hell)
  8 goliath frogs
  22 sixfirhies
  7 salamander mystics
  A bunyip zombie (Hell)
  6 iron trolls
  8 glowing orange brains
  An obsidian statue (D:13)
  Pikel (D:8)
  5 arcanists
  6 spriggan druids
  3 sea snakes
  6 shadow demons
  5 naga ritualists
  9 bog bodies
  45 deep trolls
  4 swamp dragons
  4 occultists (WizLab)
  16 deep elf archers
  An orange crystal statue (D:13)
  2 spriggan simulacra (IceCv)
  A shadow dragon zombie (Depths:1)
  5 flayed ghosts
  2 lindwurms (Vaults:2)
  6 orc knights
  9 necromancers
  5 spectral hydras (Swamp:4)
  11 phantasmal warriors
  31 ironbound convokers
  35 deep elf pyromancers
  27 deep elf zephyrmancers
  18 mana vipers
  A mana viper (shapeshifter) (Vaults:5)
  An iron dragon zombie (Depths:1)
  3 orc sorcerers
  A wolf spider (D:15)
  46 ugly things
  22 salamanders
  4 manticores
  An oklob plant (Swamp:4)
  A shining eye (Slime:5)
  6 worldbinders (Abyss:3)
  2 cyclopes
  4 will-o-the-wisps
  A moth of wrath (shapeshifter) (Depths:1)
  22 elephants
  Maurice (D:10)
  2 water nymphs (Abyss:3)
  4 moths of wrath (Zot:1)
  A stone giant skeleton (Depths:1)
  A centaur zombie (Hell)
  2 toenail golems
  A fire giant skeleton (Depths:1)
  2 eyes of devastation
  A frost giant skeleton (Depths:1)
  18 naga magi
  22 vault sentinels
  2 rust devils
  22 cane toads
  39 smoke demons
  33 black mambas
  26 orange demons
  2 gargoyles
  11 guardian serpents
  4 rime drakes
  2 hellions
  A centaur skeleton (Pan)
  5 unseen horrors
  An unseen horror (shapeshifter) (D:11)
  Maggie (D:8)
  33 yaktaurs
  Jeremiah (D:7)
  12 efreet
  A kobold demonologist (D:9)
  26 freezing wraiths
  12 komodo dragons
  2 spriggan zombies (Depths:1)
  2 tengu conjurers
  7 tormentors (Pan)
  5 anaconda simulacra (IceCv)
  4 ancient zymes (Abyss:3)
  8 ice devils
  6 trolls
  12 tyrant leeches
  3 red devils
  3 death drake zombies (Swamp:4)
  2 hydra zombies (Swamp:4)
  2 bloated husks
  31 hellwings
  2 alligator simulacra (IceCv)
  A harpy skeleton (Pan)
  41 saltlings (Desolation)
  18 hornets
  10 wind drakes (Pan)
  2 polar bears
  A death drake skeleton (Swamp:4)
  A dream sheep (Lair:2)
  29 blink frogs
  61 slime creatures
  A shadow (D:13)
  2 air elementals
  Sigmund (D:6)
  23 water elementals
  5 wyverns
  A wyvern (shapeshifter) (Elf:3)
  A spriggan (shapeshifter) (Depths:2)
  18 ynoxinuls
  7 small abominations
  27 yaks
  4 wraiths
  A yak (shapeshifter) (Elf:2)
  2 basilisks
  2 vampires
  6 fire bats (Gauntlet)
  7 golden eyes
  2 steam dragons (D:7)
  4 fire elementals
  22 chaos spawn
  19 neqoxecs
  2 spatial vortices (Abyss:3)
  A minotaur simulacrum (IceCv)
  19 swamp worms
  14 vampire mosquitoes
  2 harpy simulacra (IceCv)
  54 nagas
  3 hydra simulacra
  3 acid dragons
  2 hell hounds (Gauntlet)
  9 swamp drakes
  11 water moccasins
  A floating eye (shapeshifter) (Depths:2)
  21 orc warriors
  2 ice beasts
  3 ettin simulacra (IceCv)
  5 black bears
  A swamp dragon zombie (Swamp:4)
  34 ogres
  A swamp dragon skeleton (Swamp:4)
  4 centaurs
  14 wolves
  A lemure (D:8)
  A boggart (Vaults:2)
  5 kobold brigands
  A phantom (D:6)
  Blork the orc (D:6)
  17 bullfrogs
  2 earth elementals
  2 gnoll sergeants
  A deep troll simulacrum (IceCv)
  2 scorpions
  8 wights
  15 killer bees
  4 lindwurm simulacra (IceCv)
  8 electric eels
  5 howler monkeys
  3 crimson imps (Gauntlet)
  A quasit (Abyss:3)
  A hound (D:4)
  2 jellies
  19 orc priests
  5 gnoll boudas
  Crazy Yiuf (D:7)
  An iron imp (Abyss:3)
  A sleepcap (D:5)
  12 hell rats
  4 iguanas
  19 orc wizards
  2 lightning spires (Swamp:3)
  6 adders
  32 gnolls
  3 shadow imps (Gauntlet)
  5 white imps
  An ufetubus (Abyss:3)
  The ghost of Azuregosa the Sneak, a weakling OpDe (D:5)
  2 dart slugs (D:1)
  54 orcs
  10 endoplasms
  4 giant cockroaches
  6 hobgoblins
  4 jackals (D:2)
  2 quokkas
  6 ball pythons
  8 bats
  4 frilled lizards
  7 goblins
  29 kobolds
  3 rats
  A tentacle (Swamp:4)
2696 creatures vanquished.

Vanquished Creatures (collateral kills)
  Roxanne (Swamp:2)
  A deep troll (Vaults:5)
  A human (shapeshifter) (Elf:3)
  Grum (D:9)
  An orc priest (D:7)
  An orc wizard (D:7)
  4 orcs
10 creatures vanquished.

Vanquished Creatures (others)
  An ancient lich (Vaults:1)
  2 pandemonium lords (Pan)
  A lich (Depths:2)
  A titan (D:7)
  2 draconian annihilators
  A demonspawn blood saint (Pan)
  A blizzard demon (D:7)
  A vault guard (Vaults:5)
  2 hell hogs (D:7)
  A sixfirhy (Pan)
  An arcanist (D:7)
  An occultist (D:7)
  A deep elf archer (Elf:3)
  A glowing orange brain (D:7)
  A deep elf pyromancer (Elf:1)
  2 smoke demons (Pan)
  An ancient zyme (Abyss:3)
  A wind drake (Pan)
  A bloated husk (Swamp:3)
  A saltling (Desolation)
  2 water elementals (Elf:1)
  A crimson imp (Pan)
  15 ball lightnings
  6 foxfires (Swamp:3)
  13 starspawn tentacles (Abyss:3)
  8 tentacles (Swamp:4)
69 creatures vanquished.

Grand Total: 2775 creatures vanquished

Notes
Turn   | Place    | Note
-------+----------+-------------------------------------------
     0 | D:1      | Sergey the Merfolk Shapeshifter began the quest for the
                  | Orb.
     0 | D:1      | Reached XP level 1. HP: 15/15 MP: 1/1
   237 | D:1      | Reached skill level 1 in Stealth
   372 | D:1      | Reached XP level 2. HP: 17/21 MP: 2/2
  1069 | D:1      | Reached XP level 3. HP: 28/28 MP: 3/3
  1529 | D:2      | Learned a level 2 spell: Blink
  1535 | D:2      | Found a stormy altar of Qazlal.
  2450 | D:2      | Found Muec Awe's Weapon Shoppe.
  2475 | D:2      | Reached XP level 4. HP: 30/35 MP: 4/4
  3396 | D:3      | Found a glowing golden altar of the Shining One.
  3482 | D:3      | Found an ancient bone altar of Kikubaaqudgha.
  3707 | D:3      | Found a faded altar of an unknown god.
  3877 | D:4      | Noticed an ogre
  3884 | D:4      | Noticed a scorpion
  3924 | D:4      | Found a white marble altar of Elyvilon.
  3932 | D:4      | Became a worshipper of Elyvilon the Healer
  4000 | D:4      | Reached XP level 5. HP: 42/42 MP: 5/5
  4593 | D:4      | Reached XP level 6. HP: 44/49 MP: 6/6
  4667 | D:4      | Found a bloodstained altar of Trog.
  4887 | D:3      | Found a shimmering altar of Xom.
  4890 | D:3      | Found an iron altar of Okawaru.
  4904 | D:3      | Found a sacrificial altar of Ru.
  4912 | D:3      | Found a broken altar of Ashenzari.
  4922 | D:3      | Fell from the grace of Elyvilon
  4922 | D:3      | Became a worshipper of Ashenzari the Shackled
  5083 | D:5      | Entered Level 5 of the Dungeon
  5107 | D:5      | You fall into a shaft and drop 2 floors!
  5115 | D:7      | Noticed a black bear
  5138 | D:7      | Noticed a steam dragon
  5140 | D:7      | Killed a black bear
  5141 | D:7      | Reached skill level 5 in Unarmed Combat
  5179 | D:7      | Noticed a wyvern
  5214 | D:7      | Killed a steam dragon
  5215 | D:7      | Reached skill level 5 in Fighting
  5215 | D:7      | Reached skill level 5 in Shapeshifting
  5215 | D:7      | Reached XP level 7. HP: 56/56 MP: 7/7
  5544 | D:6      | Noticed Blork the orc
  5688 | D:7      | Found Ryhaetz's Weapon Shoppe.
  6024 | D:7      | Reached XP level 8. HP: 64/64 MP: 8/8
  6708 | D:5      | Reached skill level 3 in Dodging
  6773 | D:5      | Found a transporter.
  6773 | D:5      | Found a transporter.
  6788 | D:5      | Noticed Azuregosa's ghost (weakling OpDe)
  6818 | D:5      | Reached skill level 1 in Evocations
  6989 | D:5      | Identified the +10 quarterstaff "Cilellih" {freeze, rC+
                  | Int+2}
  7003 | D:5      | Reached skill level 4 in Dodging
  7120 | D:5      | Found a staircase to the Ecumenical Temple.
  7151 | D:5      | Reached * piety under Ashenzari
  7484 | D:6      | Found a shimmering blue altar of Sif Muna.
  7504 | D:6      | Noticed Sigmund
  7626 | D:6      | Killed Sigmund
  7627 | D:6      | Reached skill level 5 in Dodging
  7636 | D:6      | Reached XP level 9. HP: 66/74 MP: 9/9
  7714 | D:6      | Reached skill level 6 in Dodging
  8011 | D:6      | Killed Blork the orc
  8154 | D:6      | Found a radiant altar of Vehumet.
  8258 | D:6      | Found an ornate altar of the Wu Jian Council.
  8360 | D:7      | Found a runed translucent door.
  8361 | D:7      | Noticed Crazy Yiuf
  8409 | D:7      | Reached ** piety under Ashenzari
  8748 | D:7      | Found a stormy altar of Qazlal.
  9189 | D:7      | Noticed Jeremiah
  9197 | D:7      | Killed Jeremiah
  9463 | D:8      | Identified the cursed +0 pair of gloves "Eternal Gnosis"
                  | {Dev, Elem} (You found it on level 5 of the Dungeon)
  9463 | D:8      | Identified the cursed +1 animal skin "Tethered With Me"
                  | {Self, Alch}
  9789 | D:8      | Noticed a two-headed ogre
  9805 | D:8      | Noticed Pikel
  9841 | D:8      | Killed Pikel
  9842 | D:8      | Reached XP level 10. HP: 56/85 MP: 10/10
  9966 | D:8      | Noticed Maggie
  9969 | D:8      | Killed Maggie
 10167 | D:9      | Reached skill level 10 in Shapeshifting
 10412 | D:9      | Noticed Grum
 10445 | D:9      | Killed Grum
 11104 | D:9      | Reached skill level 7 in Dodging
 11157 | D:9      | Found a staircase to the Lair.
 11375 | D:9      | Reached skill level 8 in Dodging
 11416 | D:9      | Found Maiza's Magic Scroll Shop.
 11419 | D:9      | Reached skill level 10 in Fighting
 11419 | D:9      | Reached XP level 11. HP: 90/90 MP: 11/11
 11423 | D:9      | Bought a scroll of teleportation for 42 gold pieces
 11423 | D:9      | Bought a scroll of teleportation for 42 gold pieces
 11687 | D:10     | Entered Level 10 of the Dungeon
 11704 | D:10     | Noticed Erolcha
 11711 | D:10     | Found Toj Xyuth's Self-Improvement Boutique.
 11900 | D:10     | Reached skill level 9 in Dodging
 11920 | D:10     | Reached skill level 10 in Dodging
 12047 | D:10     | Found a portal to a secret trove of treasure.
 12452 | D:10     | Noticed Maurice
 12458 | D:10     | Maurice stole the +10 quarterstaff "Cilellih" {freeze, rC+
                  | Int+2}
 12461 | D:10     | Killed Maurice
 12593 | Gauntlet | Identified the "Yclext"
 12593 | Lair:1   | Entered Level 1 of the Lair of Beasts
 12743 | Lair:1   | Reached skill level 10 in Unarmed Combat
 13525 | Lair:1   | Learned a level 3 spell: Frozen Ramparts
 13552 | Lair:1   | Reached skill level 1 in Ice Magic
 13623 | Lair:2   | Reached XP level 12. HP: 103/103 MP: 12/12
 13792 | Lair:2   | Noticed a boulder beetle
 13823 | Lair:2   | Killed a boulder beetle
 14060 | Lair:2   | Reached skill level 5 in Ice Magic
 14244 | Lair:2   | Reached skill level 1 in Spellcasting
 14528 | Lair:2   | Reached skill level 11 in Dodging
 14647 | Lair:2   | Noticed a skyshark
 14656 | Lair:2   | Killed a skyshark
 14724 | Lair:2   | Reached skill level 12 in Dodging
 14928 | Lair:2   | Noticed a five-headed hydra
 14934 | Lair:2   | Killed a five-headed hydra
 15030 | Lair:2   | Noticed a six-headed hydra
 15047 | Lair:2   | Killed a six-headed hydra
 15150 | Lair:2   | Reached XP level 13. HP: 111/111 MP: 13/17
 15606 | Lair:2   | Found a staircase to the Swamp.
 15961 | Lair:3   | Found a staircase to the Snake Pit.
 15979 | Lair:3   | Reached *** piety under Ashenzari
 16408 | Lair:3   | Reached **** piety under Ashenzari
 16510 | Lair:3   | Reached skill level 5 in Evocations
 16585 | Lair:3   | Reached skill level 13 in Dodging
 17362 | Lair:4   | Found a staircase to the Slime Pits.
 17364 | Lair:4   | Found a viscous altar of Jiyva.
 18134 | Lair:5   | Entered Level 5 of the Lair of Beasts
 18185 | Lair:5   | Found a broken altar of Ashenzari.
 18324 | Lair:5   | Reached XP level 14. HP: 121/121 MP: 14/19
 18346 | Lair:5   | Identified the cursed +1 helmet "Prophetic Adversity"
                  | {Range, Cun} (You found it on level 5 of the Dungeon)
 18346 | Lair:5   | Identified the cursed +2 steam dragon scales of Ashenzari's
                  | Repose {Dev, Bglg} (You took it off Maggie on level 8 of
                  | the Dungeon)
 18383 | Lair:5   | Reached ***** piety under Ashenzari
 18654 | Lair:5   | Reached skill level 14 in Dodging
 18724 | Lair:5   | Noticed Rupert
 19184 | D:10     | Killed Erolcha
 20199 | D:12     | Found a gate leading to a gauntlet.
 20213 | Gauntlet | Entered a Gauntlet
 20213 | Gauntlet | Found a transporter.
 20225 | Gauntlet | Found a transporter.
 20228 | Gauntlet | Found a transporter.
 20229 | Gauntlet | Found a transporter.
 20237 | Gauntlet | Found a transporter.
 20240 | Gauntlet | Found a transporter.
 20241 | Gauntlet | Found a transporter.
 20250 | Gauntlet | Found a transporter.
 20252 | Gauntlet | Found a transporter.
 20253 | Gauntlet | Found a transporter.
 20257 | Gauntlet | Found a runed translucent door.
 20259 | Gauntlet | Found a runed translucent door.
 20261 | Gauntlet | Found a transporter.
 20261 | Gauntlet | Identified a scroll of acquirement
 20261 | Gauntlet | Identified the ring of Ynkail Walyo {Ice +Blink rPois}
 20264 | Gauntlet | Found a transporter.
 20265 | Gauntlet | Found a transporter.
 20273 | Gauntlet | Found a transporter.
 20493 | Gauntlet | Identified the cursed +0 cloak of the Celestial Augur
                  | {Fort, Cun} (You took it off Maurice on level 10 of the
                  | Dungeon)
 20973 | D:12     | Identified the "Quaniz" (You acquired it on level 12 of
                  | the Dungeon)
 20973 | D:12     | Acquired the ring of Vewkanen {EV+5 Str+4}
 21223 | D:12     | Found a staircase to the Orcish Mines.
 21330 | D:12     | Identified the +1 robe of the Garden {Dex+3}
 21681 | D:13     | Learned a level 1 spell: Apportation
 21884 | D:13     | Identified the +8 shortbow of the Enchanted Forest {elec,
                  | *Slow rElec Str+4}
 23069 | D:5      | Killed Azuregosa's ghost
 23202 | D:7      | Killed Crazy Yiuf
 23309 | D:8      | Noticed Erica
 23310 | D:8      | Reached skill level 15 in Unarmed Combat
 23322 | D:8      | Killed Erica
 23591 | Lair:5   | Paralysed by Rupert for 5 turns
 23603 | Lair:5   | Killed Rupert
 23604 | Lair:5   | Reached XP level 15. HP: 129/129 MP: 20/20
 24790 | Orc:1    | Entered Level 1 of the Orcish Mines
 24793 | Orc:1    | Found Xyikh's Distillery.
 24876 | Orc:1    | Bought a potion of heal wounds for 65 gold pieces
 24876 | Orc:1    | Bought a potion of enlightenment for 65 gold pieces
 25281 | Orc:2    | Entered Level 2 of the Orcish Mines
 25369 | Orc:2    | Found a runed translucent gate.
 25369 | Orc:2    | Found a runed translucent gate.
 25369 | Orc:2    | Found a runed translucent gate.
 25377 | Orc:2    | Found an opulent altar of Gozag.
 25384 | Orc:2    | Noticed noobster's ghost (journeyman HOFi)
 25443 | Orc:2    | Noticed Jorgrun
 25450 | Orc:2    | Killed Jorgrun
 26126 | Orc:2    | Found a staircase to the Elven Halls.
 26134 | Orc:2    | Found Jemogank's Weapon Shoppe.
 26135 | Orc:2    | Found Bos Okuam's General Store.
 26135 | Orc:2    | Found Erenays's Antique Armour Shoppe.
 26135 | Orc:2    | Found Ufebaamn's Jewellery Boutique.
 26279 | Orc:1    | Bought a potion of resistance for 130 gold pieces
 26327 | Orc:2    | Bought the ring of the Prince {rElec rPois rCorr Str-3} for
                  | 446 gold pieces
 26490 | D:10     | Bought a manual of Dodging for 1120 gold pieces
 26617 | D:14     | Noticed a fire giant
 26630 | D:14     | a swamp worm changed into a ghost moth
 26630 | D:14     | Noticed a ghost moth (glowing shapeshifter)
 26631 | D:14     | a ghost moth changed into a great orb of eyes
 26906 | D:14     | Reached skill level 15 in Dodging
 27440 | D:14     | Killed a fire giant
 27441 | D:14     | Reached XP level 16. HP: 104/130 MP: 19/19
 27788 | D:14     | Reached skill level 16 in Dodging
 27889 | D:14     | Noticed a storm dragon
 28120 | D:14     | Killed a storm dragon
 28222 | D:15     | Entered Level 15 of the Dungeon
 28257 | D:15     | Found a frozen archway.
 28283 | D:15     | Reached skill level 17 in Dodging
 28343 | IceCv    | Entered an ice cave
 28670 | IceCv    | Reached skill level 18 in Dodging
 29174 | IceCv    | Reached skill level 19 in Dodging
 29299 | IceCv    | Reached skill level 20 in Dodging
 29353 | IceCv    | Found an ancient bone altar of Kikubaaqudgha.
 29691 | IceCv    | Noticed a lich
 29910 | D:15     | Reached skill level 21 in Dodging
 30201 | D:15     | Reached skill level 22 in Dodging
 30312 | D:15     | Found an iron altar of Okawaru.
 30737 | D:15     | Reached skill level 23 in Dodging
 31232 | Swamp:1  | Entered Level 1 of the Swamp
 31247 | Swamp:1  | Reached skill level 10 in Evocations
 31449 | Swamp:1  | Noticed Mlioglotl
 31468 | Swamp:1  | Noticed a profane servitor
 31471 | Swamp:1  | Killed Mlioglotl
 31726 | Swamp:1  | Reached XP level 17. HP: 136/136 MP: 20/20
 32098 | Swamp:1  | Found a runed translucent door.
 32099 | Swamp:1  | Noticed Silenth's ghost (adept KoHu)
 32225 | Swamp:2  | Noticed Roxanne
 32498 | Swamp:2  | Reached skill level 15 in Shapeshifting
 33964 | Swamp:2  | Killed Roxanne
 34211 | Swamp:3  | Found a broken altar of Ashenzari.
 35009 | Snake:1  | Entered Level 1 of the Snake Pit
 35325 | Snake:1  | Learned a level 4 spell: Manifold Assault
 35506 | Snake:1  | Reached skill level 1 in Translocations
 36152 | Snake:2  | Reached XP level 18. HP: 149/149 MP: 10/24
 36721 | Snake:3  | Reached skill level 1 in Shields
 37309 | Snake:4  | Entered Level 4 of the Snake Pit
 37512 | Snake:4  | Reached skill level 5 in Translocations
 37641 | Snake:4  | Reached skill level 5 in Shields
 37768 | Snake:4  | Found a burning altar of Makhleb.
 38295 | Snake:4  | Reached XP level 19. HP: 155/155 MP: 7/28
 38298 | Snake:4  | Noticed Vashnia
 38378 | Snake:4  | Killed Vashnia
 38625 | Snake:4  | Got a serpentine rune of Zot
 38881 | Swamp:4  | Entered Level 4 of the Swamp
 38881 | Swamp:4  | Identified the +0 scale mail of Privacy {rN+}
 39717 | Swamp:4  | Learned a level 4 spell: Vhi's Electric Charge
 39840 | Swamp:4  | Reached skill level 1 in Air Magic
 39979 | Swamp:4  | Found a blossoming altar of Fedhas.
 40439 | D:13     | Found a gate to the Vaults.
 40796 | Vaults:1 | Entered Level 1 of the Vaults
 41112 | Vaults:1 | Noticed an ancient lich
 41119 | Vaults:1 | Killed an ancient lich
 41298 | Vaults:1 | Identified the +0 pair of gloves of Bofaukh {Will+ Dex+3}
 41341 | Vaults:1 | Reached XP level 20. HP: 162/162 MP: 29/29
 41669 | D:10     | Bought a manual of Fighting for 1120 gold pieces
 41939 | Vaults:1 | Reached skill level 15 in Fighting
 42830 | Vaults:2 | Identified the of Tefish
 42830 | WizLab   | Identified the "Poab"
 42830 | WizLab   | Identified the of Lonegur
 43026 | Vaults:2 | Found a magical portal.
 43046 | WizLab   | Entered Yara's Duelist Academy
 43452 | WizLab   | Found the +5 demon whip "Spellbinder" {antimagic, disrupt,
                  | Will+}
 43535 | WizLab   | Learned a level 5 spell: Summon Forest
 43834 | WizLab   | Noticed Fobic
 44139 | WizLab   | Killed Fobic the Head Instructor
 44738 | Vaults:2 | Reached XP level 21. HP: 189/189 MP: 19/30
 44931 | Vaults:2 | Found Pahynix's Assorted Antiques.
 44937 | Vaults:2 | Bought a potion of haste for 300 gold pieces
 44937 | Vaults:2 | Bought a scroll of teleportation for 90 gold pieces
 44937 | Vaults:2 | Bought a small gilded ring for 150 gold pieces
 46448 | Vaults:3 | Found a staircase to the Crypt.
 47073 | Desolati | Identified the of Rimicesu
 47073 | Desolati | Identified the "Wamoiky"
 47073 | Desolati | Identified the of Diohogig
 47073 | Desolati | Identified the "Loeretea"
 47107 | Vaults:4 | Found a crumbling gateway.
 47115 | Desolati | Entered the Desolation of Salt
 47605 | Desolati | Identified the +9 spear of the Ship {drain, Int-4 Dex+8}
 47705 | Desolati | Identified the ring "Jixoicw" {Wiz *Corrode rF+ Str+4}
 47708 | Desolati | Identified the +6 battleaxe of Light {protect, Fragile rF+
                  | Will+}
 47970 | Desolati | Identified the ring of the Jolly Beggars {rPois SInv}
 48066 | Desolati | Identified the ring "Gywor" {Ice +Blink Will+++ Int-3
                  | Stlth+}
 48078 | Desolati | Identified the +4 sling of the Wasp {speed, Stlth+}
 48374 | Vaults:4 | Reached XP level 22. HP: 200/200 MP: 31/31
 48929 | Vaults:4 | Reached skill level 15 in Evocations
 49114 | Vaults:4 | Noticed a golden dragon
 49127 | Vaults:4 | Killed a golden dragon
 49245 | Vaults:4 | Identified the +3 ring mail "Moluopa" {Will+}
 49514 | Vaults:5 | Identified the "Yhionaus"
 49514 | Vaults:5 | Entered Level 5 of the Vaults
 49935 | Crypt:3  | Identified the "Kavuar"
 49935 | Elf:1    | Identified the "Anubbaacig"
 49935 | Elf:1    | Entered Level 1 of the Elven Halls
 50353 | Elf:1    | Acquired the ring "Cets" {Contam rElec rC+ EV+5 Slay+3}
 50867 | Elf:2    | Found a runed translucent gate.
 50868 | Elf:2    | Found a runed translucent gate.
 50868 | Elf:2    | Found a runed translucent gate.
 51314 | Elf:3    | Identified the of Ymehywes
 51314 | Elf:3    | Identified the of Nili
 51314 | Elf:3    | Identified the "Ugoid"
 51314 | Elf:3    | Identified the of Systrueb
 51314 | Elf:3    | Entered Level 3 of the Elven Halls
 51429 | Elf:3    | Found a runed translucent gate.
 51429 | Elf:3    | Found a runed translucent gate.
 51429 | Elf:3    | Found a runed translucent gate.
 51441 | Elf:3    | Reached XP level 23. HP: 200/200 MP: 5/29
 51832 | Elf:3    | Found Loryghipp's Distillery.
 51835 | Elf:3    | Bought a potion of haste for 150 gold pieces
 51835 | Elf:3    | Bought a potion of curing for 45 gold pieces
 51835 | Elf:3    | Bought a potion of cancellation for 120 gold pieces
 52069 | Elf:3    | Found a runed translucent gate.
 52069 | Elf:3    | Found a runed translucent gate.
 52071 | Elf:3    | Noticed Esmu's ghost (adept MiFi)
 52079 | Elf:3    | Found a runed translucent gate.
 52079 | Elf:3    | Identified the +2 hat "Zeyff" {rF+ rN+}
 52145 | Elf:3    | Paralysed by an air elemental for 1 turns
 52154 | Elf:3    | Identified the +1 scimitar of Karma {holy, Str+6}
 52163 | Elf:3    | Identified the amulet "Ickeq" {Reflect Str+2 SH+5}
 52509 | Elf:3    | Found the +3 giant club "Skullcrusher" {speed, Str+7}
 52515 | Elf:3    | Identified the +0 hand axe of Xaqyff {spect, rPois rF-
                  | Dex+2}
 52515 | Elf:3    | Identified the +3 chain mail of Day {rElec rCorr Int-2
                  | Stlth-}
 52521 | Elf:3    | Identified the +7 whip "Risuel" {drain, rPois Str+3 Int+2}
 52628 | Elf:3    | Identified the staff "Alitz" {rC+ Will+ Int+3 Dex-4 Ice}
 52732 | Elf:3    | Gained mutation: You are dopey. (Int -2) [a cacodemon]
 53386 | D:15     | Found a staircase to the Depths.
 53407 | Depths:1 | Entered Level 1 of the Depths
 53733 | Depths:1 | Found a broken altar of Ashenzari.
 53835 | Depths:1 | Found a one-way gate to the infinite horrors of the Abyss.
 54039 | Depths:1 | Found Zuuqeix's Tiny Tomes.
 54145 | Depths:1 | Found Ichocava's Armour Boutique.
 54155 | Depths:1 | Bought a +0 pair of boots for 67 gold pieces
 54233 | Depths:1 | Found a shadowy altar of Dithmenos.
 54270 | Depths:1 | Found a gateway to Hell.
 54474 | Depths:2 | Noticed Louise
 54486 | Depths:2 | Killed Louise
 54556 | Depths:2 | Reached XP level 24. HP: 140/212 MP: 29/29
 55148 | Depths:2 | Reached skill level 10 in Shields
 55168 | Depths:2 | Found a one-way gate leading to the halls of Pandemonium.
 55216 | Depths:2 | Found the ring of the Octopus King {rF+ HP+2 AC+2 EV+2
                  | SH+2}
 55216 | Depths:2 | Found the ring of the Octopus King {rF+ HP+2 AC+2 EV+2
                  | SH+2}
 56125 | Depths:3 | Noticed Parghit
 56371 | Depths:3 | Identified the +1 leather armour of Zoisirurru {Will+
                  | Str+3}
 56468 | Depths:3 | Identified the +3 chain mail of the Beekeeper {Str+4}
 57097 | Depths:4 | Entered Level 4 of the Depths
 57147 | Depths:4 | Found a one-way gateway to a ziggurat.
 57313 | Depths:4 | Identified the ring "Toad" {Wiz Str+6 Int+3 Dex-4}
 57332 | Depths:4 | Found a gate to the Realm of Zot.
 57368 | Depths:4 | Paralysed by a vampire knight for 2 turns
 58300 | Vaults:5 | Identified the +4 ring mail of Truth {rPois rN++ Dex+5}
 58307 | Vaults:5 | Reached skill level 5 in Spellcasting
 58336 | Vaults:5 | Identified the +6 mace of Xexaizom {pain, Will+ Dex+2}
 58378 | Vaults:5 | Found Leqel's Antique Weapon Boutique.
 58580 | Vaults:5 | Reached XP level 25. HP: 221/221 MP: 31/31
 58601 | Abyss:3  | Cast into level 3 of the Abyss (a deep elf demonologist)
 58767 | Abyss:3  | Got an abyssal rune of Zot
 58805 | Abyss:3  | Noticed an ancient lich
 58832 | Vaults:5 | Escaped the Abyss
 58845 | Vaults:5 | Identified the +2 ring mail of Hangman {Harm rPois MP+9
                  | Int-5}
 58875 | Vaults:5 | Identified the amulet "Xoent" {rPois Will+ Regen+ rCorr
                  | Int-2}
 58886 | Vaults:5 | Reached skill level 15 in Shields
 58895 | Vaults:5 | Reached skill level 10 in Translocations
 59035 | Vaults:5 | Identified the ring "Vezoeryi" {rF+ rN+ Int-4 Dex+5}
 59118 | Vaults:5 | Reached XP level 26. HP: 233/233 MP: 34/36
 59267 | Vaults:5 | Identified the +6 mace "Sicwofil" {holy, rC- rCorr Dex+3
                  | Stlth+}
 59278 | Vaults:5 | Identified the +8 mace of Kehac {antimagic, Fly Dex+3
                  | Stlth-}
 60009 | Vaults:5 | Got a silver rune of Zot
 60604 | Slime:1  | Entered Level 1 of the Pits of Slime
 60799 | Slime:4  | Reached XP level 27. HP: 242/242 MP: 37/37
 60829 | Slime:5  | Identified the "Ozxojyosch"
 60829 | Slime:5  | Entered Level 5 of the Pits of Slime
 60862 | Slime:5  | Noticed the Royal Jelly
 61031 | Slime:5  | Identified the +9 shortbow "Mayfu" {freeze, rF+ rN++ Int+4}
 61068 | Slime:5  | Killed the Royal Jelly
 61177 | Slime:5  | Got a slimy rune of Zot
 61370 | Slime:5  | Learned a level 4 spell: Passage of Golubria
 61724 | Tomb:3   | Identified the "Qoriat"
 61724 | Tomb:3   | Identified the "Noywo"
 61724 | Tomb:3   | Identified the "Cohijob"
 61724 | Tar:7    | Identified the of Fellig
 61724 | Tar:7    | Identified the "Jouram"
 61724 | Coc:7    | Identified the of Xobruph
 61724 | Dis:7    | Identified the "Purul"
 61724 | Dis:7    | Identified the "Dymu"
 61724 | Geh:7    | Identified the "Husounul"
 61724 | Pan      | Entered Pandemonium
 61862 | Pan      | Learned a level 2 spell: Passwall
 61965 | Pan      | Reached skill level 1 in Transmutations
 61967 | Pan      | Noticed Uguog the pandemonium lord
 61990 | Pan      | Killed Uguog the pandemonium lord
 61991 | Pan      | Reached skill level 1 in Earth Magic
 62039 | Pan      | Identified the +10 great sword "Merfolk's Doom" {spect,
                  | rElec}
 62281 | Pan      | Identified the "Zousit"
 62317 | Pan      | Noticed Vutaerch the pandemonium lord
 62332 | Pan      | Killed Vutaerch the pandemonium lord
 62429 | Pan      | Noticed Siog the pandemonium lord
 62449 | Pan      | Reached skill level 5 in Transmutations
 62460 | Pan      | Gained mutation: You sometimes lose your temper in combat.
                  | [a neqoxec]
 62483 | Pan      | Lost mutation: You are dopey. (Int -2) [potion of mutation]
 62483 | Pan      | Lost mutation: You sometimes lose your temper in combat.
                  | [potion of mutation]
 62483 | Pan      | Gained mutation: You have a somewhat thin skeletal
                  | structure. (Dex +2, Stealth+) [potion of mutation]
 62532 | Pan      | Identified the of Dyuhigg
 62532 | Pan      | Entered the realm of Cerebov.
 63008 | Pan      | Identified the +7 whip "Merfolk's Doom" {spect, rElec rCorr
                  | Str+6 Int-2}
 63037 | Pan      | Identified the +7 demon blade of Onarin {flame, Dex+6}
 63124 | Pan      | Found the +6 sword of Cerebov {flame}
 63124 | Pan      | Noticed Cerebov
 63701 | Pan      | Reached skill level 24 in Dodging
 63875 | Pan      | Got a fiery rune of Zot
 63958 | Pan      | Gained mutation: You have hidden genetic defects. [a
                  | cacodemon]
 63963 | Pan      | Gained mutation: Your mind is acute. (Int +4, Str/Dex -1)
                  | [a cacodemon]
 63965 | Pan      | Lost mutation: Your mind is acute. (Int +4, Str/Dex -1) [a
                  | cacodemon]
 63991 | Pan      | Entered the realm of Lom Lobon.
 64224 | Pan      | Reached skill level 25 in Dodging
 64400 | Pan      | Gained mutation: You occasionally lose the ability to read
                  | scrolls when taking damage. [hidden defects]
 64402 | Pan      | Lost mutation: You have hidden genetic defects. [potion of
                  | mutation]
 64402 | Pan      | Lost mutation: You occasionally lose the ability to read
                  | scrolls when taking damage. [potion of mutation]
 64402 | Pan      | Gained mutation: Your spells are a little harder to cast,
                  | but a little more powerful. [potion of mutation]
 64402 | Pan      | Gained mutation: You are agile. (Dex +4, Str/Int -1)
                  | [potion of mutation]
 64402 | Pan      | Gained mutation: You are robust. (+10% HP) [potion of
                  | mutation]
 64402 | Pan      | Gained mutation: You are partially covered in large bone
                  | plates. (SH +4) [potion of mutation]
 64530 | Pan      | Reached skill level 26 in Dodging
 64753 | Pan      | Noticed Lom Lobon
 64854 | Pan      | Got a magical rune of Zot
 64929 | Pan      | Found an exit through the horrors of the Abyss.
 64988 | Pan      | Entered the realm of Gloorx Vloq.
 65212 | Pan      | Reached skill level 27 in Dodging
 65220 | Pan      | Noticed Gloorx Vloq
 65230 | Pan      | Killed Gloorx Vloq
 65235 | Pan      | Got a dark rune of Zot
 65524 | Pan      | Noticed Gauxkus the pandemonium lord
 65538 | Pan      | Killed Gauxkus the pandemonium lord
 65855 | Pan      | Noticed Nyuphyudd the pandemonium lord
 65869 | Pan      | Gained mutation: You occasionally shout uncontrollably at
                  | your foes. [a cacodemon]
 65869 | Pan      | Gained mutation: You are weak. (Str -2) [a cacodemon]
 65877 | Pan      | Noticed Ilareh the pandemonium lord
 66237 | Pan      | Entered the realm of Mnoleg.
 66282 | Pan      | Gained mutation: Your body sometimes deteriorates upon
                  | taking damage. [a cacodemon]
 66305 | Pan      | Gained mutation: Your magical capacity is low. (-10% MP) [a
                  | neqoxec]
 66335 | Pan      | Noticed Mnoleg
 66373 | Pan      | Killed Mnoleg
 66445 | Pan      | Got a glowing rune of Zot
 66495 | Pan      | Identified the "Tyafix"
 66520 | Pan      | Found a runed translucent door.
 66520 | Pan      | Found a runed translucent door.
 66521 | Pan      | Found a runed translucent door.
 66599 | Pan      | Identified the amulet "Zuataon" {Spirit Slay+2}
 66601 | Pan      | Noticed Usoeb the pandemonium lord
 66618 | Pan      | Killed Usoeb the pandemonium lord
 66626 | Pan      | Found a runed translucent door.
 66995 | Pan      | Noticed Koclaom the pandemonium lord
 67000 | Pan      | Killed Koclaom the pandemonium lord
 67002 | Pan      | Got a demonic rune of Zot
 67087 | Depths:2 | Escaped Pandemonium
 67109 | Hell     | Entered the Vestibule of Hell
 67116 | Hell     | Noticed Geryon
 67265 | Zot:1    | Entered Level 1 of the Realm of Zot
 67516 | Zot:5    | Entered Level 5 of the Realm of Zot
 67516 | Zot:5    | Noticed an orb of fire
 67520 | Zot:5    | Got the Orb of Zot
 67537 | Zot:5    | Noticed an orb of fire
 68052 | D:2      | Noticed Nisaib the pandemonium lord
 68173 | D:2      | Killed Nisaib the pandemonium lord
 68257 | D:6      | Noticed Ikistom the pandemonium lord
 68259 | D:6      | Gained mutation: You occasionally lose the ability to read
                  | scrolls when taking damage. [a neqoxec]
 68281 | D:7      | Lost mutation: You are weak. (Str -2) [potion of mutation]
 68281 | D:7      | Lost mutation: You occasionally lose the ability to read
                  | scrolls when taking damage. [potion of mutation]
 68281 | D:7      | Gained mutation: Your mind is acute. (Int +4, Str/Dex -1)
                  | [potion of mutation]
 68322 | D:7      | Noticed Lom Lobon
 68608 | Swamp:4  | Found a basalt altar of Yredelemnul.
 68625 | Swamp:4  | Got a decaying rune of Zot
 68667 | Swamp:4  | Noticed Gattaly the pandemonium lord
 68677 | Swamp:4  | Killed Gattaly the pandemonium lord
 68770 | Lair:2   | Noticed Hasiddy the pandemonium lord
 68782 | Lair:2   | Killed Hasiddy the pandemonium lord
 68978 | D:6      | Noticed Rufoit the pandemonium lord
 69050 | D:3      | Noticed Lymelon the pandemonium lord
 69054 | D:3      | Noticed a seraph
 69063 | D:2      | Killed Lymelon the pandemonium lord
 69147 | D:1      | Noticed Urhaclot the pandemonium lord
 69164 | D:$      | Escaped with the Orb!

Illustrated notes

Levels and vault maps discovered:
D:1:      nzn_arrival_settlement, layout_loops_ring, serial_forest,
          infiniplex_forest_lined_room_2, infiniplex_forest_lined_corner,
          infiniplex_forest_clump_tiny, infiniplex_forest_straight_1,
          infiniplex_forest_end_2, infiniplex_forest_lined_3_way,
          infiniplex_forest_straight_2, infiniplex_forest_split, minmay_bisected
D:2:      layout_basic, serial_shops, nicolae_diamond_shop, basic_altar
D:3:      layout_basic, nicolae_tso_swordbearing_angel,
          grunt_temple_overflow_cloverleaf, marbit_many_paths,
          ebering_ecumenical_altar_petrified
D:4:      layout_loops_cross, bloody_trog, elyvilon_altar_5
D:5:      layout_basic, minmay_temple_entry_mist, gammafunk_ghost_hive
D:6:      layout_cave_pools, nicolae_wu_jian_immortal_techniques,
          overflow_temple_1_default, mainiacjoe_overflow_24_doors,
          uniq_blork_the_orc, uniq_sigmund
D:7:      layout_gridville, nicolae_qazlal_scattered_showers, serial_shops,
          shop, uniq_jeremiah, uniq_crazy_yiuf_cottage
D:8:      layout_gridville, uniq_pikel, uniq_maggie, uniq_erica
D:9:      layout_loops_ring, minmay_lair_entry_grove, serial_shops, shop,
          uniq_grum
D:10:     layout_gridville, trove_entry_hex_spiral, minmay_misc_feat_tiny,
          nicolae_shop_self_help, uniq_maurice, uniq_erolcha
D:11:     layout_long_grid
D:12:     layout_basic, orc_0_dummy, gauntlet_entry_generic, minmay_fountain_box
D:13:     layout_irregular_city, lightli_vaults_fourway_checkpoint,
          minmay_more_statues
D:14:     layout_long_grid, kennysheep_nondescript, minmay_diamond_spiral
D:15:     hangedman_depths_entry_try_elsewhere_first, layout_basic,
          portal_ice_cave_entry_pillars_2, okawaru_gym_becter
Lair:1:   layout_big_grid, grunt_megastairs_2
Lair:2:   layout_roguey, palyth_hydra_swamp_entry, minmay_shattered_shrine
Lair:3:   layout_cellular_growth, dummy_snake_entry, nicolae_lair_lakeside_cave
Lair:4:   layout_loops_ring, slime_entry_1, serial_bayou_shore_b
Lair:5:   minmay_lair_end_frog_pond, layout_layer_cave, basic_altar, uniq_rupert
Swamp:1:  layout_falls_marsh, ebering_ghost_inner_flame, serial_swamp_ruin,
          hangedman_swamp_ruin_wall, evilmike_swamp_ruin_rubble_2,
          uniq_mlioglotl
Swamp:2:  layout_basic_swamp, evilmike_swamp_ruin_house_1, uniq_roxanne
Swamp:3:  layout_falls_marsh, lemuel_altar_in_water, swamp_pool5,
          hangedman_swamp_diagram, hangedman_swamp_phenomena,
          infiniplex_staircase_pool_2
Swamp:4:  byrel_swamp_growth_death_and_undeath, layout_basic_swamp, swamp_pool1,
          nicolae_swamp_thats_no_hydra
Snake:1:  layout_misc_corridors, serial_bayou_shore_a, grunt_megastairs_1
Snake:2:  layout_rooms, grunt_ministairs_13
Snake:3:  layout_cave_town, minmay_snake_pond
Snake:4:  johnstein_snake_rune_scales, layout_cave_shapes, basic_altar,
          nicolae_snake_mages_go_home
Slime:1:  layout_caves
Slime:2:  layout_caves
Slime:3:  layout_caves
Slime:4:  layout_caves
Slime:5:  slime_pit_nicolae_amoeboid
Orc:1:    layout_caves, serial_shops, nicolae_shop_industrial_runoff,
          nicolae_orc_flooded_monolith
Orc:2:    st_orc_ogre_mass, layout_diamond_mine, ebering_ghost_gozag,
          uniq_jorgrun
Elf:1:    eino_elf_arrival_customs, layout_rooms, minmay_elf_sorcery
Elf:2:    nicolae_elf_blades_crystal_corner, layout_geoelf_grid
Elf:3:    elf_hall, layout_rooms, serial_shops, nicolae_shop_real_fake_doors,
          ploomutoo_gammafunk_ghost_potion_laboratory,
          minmay_misc_feat_ornament, minmay_elf_demonology, uniq_louise
Vaults:1: nicolae_vaults_you_can_take_it_with_you, nicolae_vaults_wine_cellar,
          vaults_room_grunt_arrival_ludios, ontoclasm_vaults_bender,
          nicolae_vaults_ring_of_whatevers, v_misc_10, hangedman_vaults_nails,
          hangedman_vaults_impose, v_pattern_3, layout_vaults_omnigrid
Vaults:2: mu_enter_wizlab_6, ontoclasm_vaults_idyll,
          nicolae_vaults_weapon_check, st_octagons_1,
          nicolae_vaults_little_squares_6, vaults_room_pools,
          nicolae_vaults_storage_closets_1, nicolae_vaults_angled_halls,
          vaults_room_hallway, layout_vaults_omnibox, serial_shops, shop
Vaults:3: nicolae_vaults_double_plus_1, v_misc_25, nicolae_vaults_house_2,
          v_alt_pattern_2, v_misc_24, ontoclasm_vaults_eye,
          minmay_crypt_entry_simple_statues, v_misc_26,
          ontoclasm_vaults_decontamination, nicolae_vaults_oval_intersection,
          st_cross, nicolae_vaults_border_crossing, layout_vaults_big_room
Vaults:4: portal_desolation_entry_ruin, vaults_mumra_bighexcomb,
          nicolae_vaults_more_shelving_1, nicolae_vaults_frosty_reception,
          hangedman_vaults_cutoff, nicolae_vaults_house_1,
          nicolae_vaults_circle_grid_b, grunt_vaults_hallway_short,
          nicolae_vaults_offset_grid_hallway_4, vaults_room_boxed, v_misc_5,
          grunt_vaults_diagonal, v_pattern_2, v_misc_23,
          nicolae_vaults_trapezoid_2, layout_vaults_maze
Vaults:5
Depths:1: layout_cave_pools, pf_coc_iceberg, serial_shops,
          nicolae_shop_mannequins, cheibrodos_ashenzari_chains,
          minmay_room_of_horrors, hangedman_decor_riveting,
          nicolae_shop_i_like_small_books_too, grunt_dithmenos_smoke
Depths:2: minmay_the_grid_square_5x5_4x4_mashed
          [minmay_the_grid_square_5x5_spiral,
          minmay_the_grid_square_5x5_three_small,
          minmay_the_grid_square_5x5_two_walls_a,
          minmay_the_grid_square_5x5_longway, minmay_the_grid_square_5x5_corner,
          minmay_the_grid_square_5x5_prize_gold,
          minmay_the_grid_square_5x5_prize_junk,
          minmay_the_grid_square_5x5_eight, minmay_the_grid_square_5x5_inner_z,
          minmay_the_grid_square_5x5_prize_deathbox,
          minmay_the_grid_square_5x5_prize_pseudospiral,
          minmay_the_grid_square_5x5_sharp_hourglass,
          minmay_the_grid_square_5x5_bridge,
          minmay_the_grid_square_5x5_misaligned, minmay_the_grid_square_5x5_n,
          minmay_the_grid_square_5x5_n_small], layout_gridlike,
          rand_demon_pan_entry_7, nicolae_abyss_entry_one_way_or_another,
          hell_entry, nicolae_two_hexagons, serial_sigils,
          serial_sigils_hangedman_scratch, serial_sigils_hangedman_gnaw,
          serial_sigils_hangedman_gut, serial_bayou_shore_b,
          infiniplex_staircase_diamond
Depths:3: lemuel_firewalk_3, layout_basic, grunt_hell_horde,
          nicolae_lava_and_water, abyss_entry, serial_sigils_hangedman_etch,
          uniq_parghit
Depths:4: grunt_crosshair, layout_cave_pools, enter_ziggurat_f,
          pf_hell_entry_tar_river, hangedman_decor_points
Hell
Zot:1:    layout_gridlike, grunt_ministairs_15, st_stairs_3
Zot:2:    grunt_twist_and_shout, layout_concentric_octagons,
          hangedman_zot_spectrum
Zot:3:    layout_onion, lemuel_elevator
Zot:4:    layout_cathedral_of_symmetry, grunt_megastairs_3
Zot:5:    layout_misc_corridors

Skill      XL: |  1  2  3  4  5  6  7  8  9 10 11 12 13 14 15 16 17 18 19 20 21 22 23 24 25 26 27 |
---------------+----------------------------------------------------------------------------------+-----
Stealth        | 2 |  2.0
Fighting       | 2 3 4 5 6 7 8 10 11 12 13 20 21 22 23 24 | 24.3
Unarmed Combat | 4 5 6 8 11 12 13 15 17 18 19 22 23 24 | 24.3
Shapeshifting  | 5 6 7 9 11 12 13 14 18 21 | 21.2
Dodging        | 5 6 8 10 12 13 14 15 23 27 | 27.0
Evocations     | 3 4 6 9 10 11 13 18 19 21 | 21.2
Ice Magic      | 1 7 |  7.0
Spellcasting   | 2 4 5 7 8 |  8.1
Translocations | 2 6 7 8 10 12 | 12.2
Shields        | 6 8 13 15 19 | 19.8
Air Magic      | 3 4 |  4.6
Transmutations | 5 |  5.0
Earth Magic    | 4 |  4.0

Action                     |  1- 3 |  4- 6 |  7- 9 | 10-12 | 13-15 | 16-18 | 19-21 | 22-24 | 25-27 || total
---------------------------+-------+-------+-------+-------+-------+-------+-------+-------+-------++-------
  Melee: Unarmed           |   179 |   142 |   344 |   413 |   788 |  1020 |  1221 |  1310 |  2198 ||  7615
         Punch             |     7 |     3 |     5 |       |       |    28 |       |       |       ||    43
         Constrict         |       |       |       |    81 |   157 |    70 |       |       |       ||   308
         Tailslap          |       |       |       |       |       |     7 |    21 |     4 |    15 ||    47
  Throw: Dart              |       |    13 |     4 |       |     1 |       |     1 |       |       ||    19
         Stone             |       |     1 |       |       |       |       |       |       |       ||     1
   Cast: Frozen Ramparts   |       |       |       |     7 |    43 |    10 |     3 |       |       ||    63
         Apportation       |       |       |       |       |    13 |     8 |       |    10 |    17 ||    48
         Manifold Assault  |       |       |       |       |       |    10 |   235 |   126 |   354 ||   725
         Vhi's Electric Ch |       |       |       |       |       |       |     2 |       |       ||     2
         Summon Forest     |       |       |       |       |       |       |       |     1 |       ||     1
         Blink             |       |       |       |       |       |       |       |       |     3 ||     3
         Passwall          |       |       |       |       |       |       |       |       |    26 ||    26
         Passage of Golubr |       |       |       |       |       |       |       |       |    18 ||    18
 Invoke: Curse Item        |       |       |     3 |     2 |     6 |     3 |       |     2 |     4 ||    20
         Shatter the Chain |       |       |       |     2 |     2 |     2 |       |     4 |     1 ||    11
Ability: Begin Untransform |       |       |     1 |       |     2 |     1 |       |     1 |       ||     5
  Evoke: Wand              |       |       |    15 |     4 |    25 |    29 |     9 |     5 |    26 ||   113
         Phial of floods   |       |       |       |       |     2 |     2 |     4 |     1 |       ||     9
         Lightning rod     |       |       |       |       |     7 |     8 |    15 |    20 |    17 ||    67
         Phantom mirror    |       |       |       |       |       |     2 |     3 |       |     2 ||     7
         Condenser vane    |       |       |       |       |       |     2 |     5 |     6 |     8 ||    21
    Use: Scroll            |     2 |     5 |     3 |     1 |     4 |     6 |     5 |    12 |    33 ||    71
         Potion            |       |     3 |     1 |       |       |       |     3 |     3 |    23 ||    33
   Stab: Sleeping          |     3 |     4 |       |     3 |     9 |     9 |     8 |     8 |     5 ||    49
         Invisible         |       |     2 |     5 |       |     5 |     1 |     1 |       |    17 ||    31
         Paralysed         |       |       |       |       |     3 |     1 |     2 |       |     5 ||    11
         Distracted        |       |       |       |       |     5 |     7 |     6 |     1 |     4 ||    23
 Armour: Animal skin       |    34 |    58 |   164 |       |       |       |       |       |       ||   256
         Skin              |       |    12 |     3 |   187 |   246 |   321 |   428 |   548 |   642 ||  2387
         Steam dragon scal |       |       |       |    30 |       |       |       |       |       ||    30
  Dodge: Dodged            |    40 |    86 |   204 |   288 |   631 |  1295 |  1483 |  1424 |  1743 ||  7194
  Block: Buckler           |       |       |       |       |       |   137 |   449 |   204 |       ||   790
         Kite shield       |       |       |       |       |       |       |       |   739 |  2481 ||  3220
   Form: Flux              |       |       |     3 |       |     1 |       |       |       |       ||     4
         Anaconda          |       |       |     2 |     1 |     3 |     2 |       |       |       ||     8
         Maw               |       |       |       |       |       |     1 |       |       |       ||     1
         Statue            |       |       |       |       |       |     1 |       |     1 |       ||     2

Table legend: (Time is in decaauts)
 A = Elapsed time spent in this place.
 B = Non-inter-level travel time spent in this place.
 C = Inter-level travel time spent in this place.
 D = Time resting spent in this place.
 E = Time spent auto-exploring this place.
 F = Levels seen in this place.
 G = Mean time per level.
                   A        B        C        D        E       F      G
               +--------+--------+--------+--------+--------+-----+--------+
         Total |  82786 |  72953 |   9833 |   8654 |  42244 |  77 | 1075.1 |
       Dungeon |  23046 |  19101 |   3945 |   3121 |   9219 |  15 | 1536.4 |
          Lair |   8596 |   6999 |   1597 |    445 |   5234 |   5 | 1719.2 |
         Swamp |   6085 |   5594 |    491 |    924 |   3448 |   4 | 1521.2 |
     Snake Pit |   5251 |   4893 |    358 |     97 |   3426 |   4 | 1312.8 |
    Slime Pits |   1132 |    972 |    160 |    321 |    280 |   5 |  226.4 |
  Orcish Mines |   1665 |   1467 |    198 |    100 |    975 |   2 |  832.5 |
   Elven Halls |   4298 |   4041 |    257 |    153 |   2950 |   3 | 1432.7 |
        Vaults |  12535 |  10506 |   2029 |    123 |   7801 |   5 | 2507.0 |
        Depths |   6648 |   6102 |    546 |    150 |   4644 |   4 | 1662.0 |
          Hell |     21 |     20 |      1 |      0 |      0 |   1 |   21.0 |
           Zot |    550 |    304 |    246 |      0 |      4 |   5 |  110.0 |
         Abyss |    262 |    262 |      0 |      0 |     12 |   1 |  262.0 |
   Pandemonium |   7192 |   7192 |      0 |   1483 |   2409 |  19 |  378.5 |
      Ice Cave |   1384 |   1384 |      0 |    436 |    348 |   1 | 1384.0 |
        Wizlab |   1804 |   1804 |      0 |    961 |    257 |   1 | 1804.0 |
    Desolation |   1584 |   1584 |      0 |    101 |    976 |   1 | 1584.0 |
      Gauntlet |    726 |    726 |      0 |    234 |    256 |   1 |  726.0 |
               +--------+--------+--------+--------+--------+-----+--------+

Top non-repeatable levels by time:
Vaults:1: 3384 daAuts
Vaults:3: 2485 daAuts
     D:1: 2431 daAuts
  Lair:2: 2398 daAuts
Depths:2: 2360 daAuts
Vaults:5: 2315 daAuts
Vaults:4: 2267 daAuts
     D:7: 2264 daAuts
   Elf:3: 2093 daAuts
Vaults:2: 2082 daAuts
    D:14: 2057 daAuts
 Snake:4: 2036 daAuts
     D:9: 1976 daAuts
 Swamp:2: 1830 daAuts
  Lair:3: 1819 daAuts
